SAA
COLORADO SPRINGS VELOCITY @ GURDON PELICANS
05/13/2019
 
TOP OF THE 1ST
Colorado Springs Velocity batting - Pitching for Gurdon Pelicans : LHP Carlos Méndez
Pitching: LHP Carlos Méndez
Batting: RHB Pedro Pérez 0-0: Fly out, F9 (Popup, 34D)
Batting: RHB Domenic Gallard 0-0: Ball
1-0: Swinging Strike
1-1: Foul Ball, location: 2F
1-2: Foul Ball, location: 2F
1-2: Hit by Pitch
Batting: RHB Miguel Márquez 0-0: Swinging Strike
0-1: Called Strike
0-2: Ball
1-2: Foul Ball, location: 2F
1-2: Reached on error, E4 (Groundball, 4M)
Domenic Gallard to third
Batting: RHB Randy Tucker 0-0: Swinging Strike
0-1: Ball
1-1: Foul Ball, location: 2F
1-2: Strikes out swinging
Batting: RHB Dan Hart 0-0: Ball
1-0: Ball
2-0: SINGLE (Line Drive, 4D)
Domenic Gallard scores
Miguel Márquez to third
Runner from 3rd tries for Home, SAFE, no throw or cutoff
Batting: RHB Gustavo Mateo 0-0: Ball
1-0: Ball
2-0: Foul Ball, location: 2F
2-1: Foul Ball, location: 2F
2-2: Strikes out swinging
Top of the 1st over - 2 run(s), 1 hit(s), 1 error(s), 1 left on base; Colorado Springs 2 - Gurdon 0
BOTTOM OF THE 1ST
Gurdon Pelicans batting - Pitching for Colorado Springs Velocity : RHP Jim Unknown
Pitching: RHP Jim Unknown
Batting: RHB Alex Maxwell 0-0: Ground out 4-3 (Groundball, 4)
Batting: SHB Lionel Merlet 0-0: Ball
1-0: Called Strike
1-1: Ball
2-1: Ball
3-1: Called Strike
3-2: Base on Balls
Batting: SHB Carlos Kramer 0-0: Called Strike
Lionel Merlet steals 2nd base
0-1: Ball
1-1: Swinging Strike
1-2: SINGLE (Groundball, 34D) (infield hit)
Lionel Merlet to third
Batting: LHB Guillermo Martínez 0-0: Ball
1-0: SINGLE (Line Drive, 6MD)
Lionel Merlet scores
Carlos Kramer to second
Batting: RHB Bobby Buck 0-0: Ball
Carlos Kramer is caught stealing 3rd base
1-0: Called Strike
1-1: Ball
2-1: Foul Ball, location: 2F
2-2: Foul Ball, location: 2F
2-2: Foul Ball, location: 2F
2-2: Ground out 6-3 (Groundball, 6)
Bottom of the 1st over - 1 run(s), 2 hit(s), 0 error(s), 1 left on base; Colorado Springs 2 - Gurdon 1
TOP OF THE 2ND
Colorado Springs Velocity batting - Pitching for Gurdon Pelicans : LHP Carlos Méndez
Batting: RHB Jesús Martínez 0-0: Foul Ball, location: 2F
0-1: Ball
1-1: Ball
2-1: Foul Ball, location: 2F
2-2: Ball
3-2: SINGLE (Line Drive, 56D)
Batting: LHB Qi-zhen Loong 0-0: Foul Ball, location: 2F
0-1: Foul Ball, location: 2F
0-2: Ball
Wild Pitch!
Jesús Martínez to second
1-2: Ball
2-2: Strikes out looking
Batting: RHB Clarros Ramada 0-0: Swinging Strike
0-1: SINGLE (Flyball, 89M)
Jesús Martínez to third
Batting: RHB Pedro Pérez 0-0: Ball
1-0: Ball
2-0: Ball
3-0: Called Strike
3-1: Swinging Strike
3-2: Strikes out swinging
Batting: RHB Domenic Gallard 0-0: Swinging Strike
0-1: Swinging Strike
0-2: Fly out, F8 (Flyball, 78M)
Top of the 2nd over - 0 run(s), 2 hit(s), 0 error(s), 2 left on base; Colorado Springs 2 - Gurdon 1
BOTTOM OF THE 2ND
Gurdon Pelicans batting - Pitching for Colorado Springs Velocity : RHP Jim Unknown
Batting: RHB Riley Howard 0-0: SINGLE (Groundball, 56D) (infield hit)
Batting: RHB Ludovico Trezza 0-0: Ball
1-0: Called Strike
1-1: Foul Ball, location: 2F
1-2: Strikes out swinging
Batting: RHB António Sánchez 0-0: Ball
Riley Howard is caught stealing 2nd base
1-0: Ball
2-0: DOUBLE (Line Drive, 9LS)
Batting: RHB Martín Álvarez 0-0: Called Strike
0-1: Reached on error, E5 (Groundball, 56)
António Sánchez to third
Batting: RHB Alex Maxwell 0-0: Ball
1-0: Ground out 6-3 (Groundball, 6)
Bottom of the 2nd over - 0 run(s), 2 hit(s), 1 error(s), 2 left on base; Colorado Springs 2 - Gurdon 1
TOP OF THE 3RD
Colorado Springs Velocity batting - Pitching for Gurdon Pelicans : LHP Carlos Méndez
Batting: RHB Miguel Márquez 0-0: Foul Ball, location: 2F
0-1: Called Strike
0-2: Ball
1-2: Ball
2-2: Ball
3-2: Base on Balls
Batting: RHB Randy Tucker 0-0: Called Strike
0-1: Ball
1-1: Ball
2-1: Ball
3-1: SINGLE (Groundball, 6MD)
Miguel Márquez to second
Batting: RHB Dan Hart 0-0: Ball
Miguel Márquez steals 3rd base
Randy Tucker to second
1-0: DOUBLE (Flyball, 9LM)
Miguel Márquez scores
Randy Tucker scores
Batting: RHB Gustavo Mateo 0-0: Ball
1-0: Called Strike
1-1: Ball
2-1: Called Strike
2-2: Ball
3-2: Strikes out swinging
Batting: RHB Jesús Martínez 0-0: Ball
1-0: Called Strike
1-1: Ball
2-1: Ball
3-1: Base on Balls
Batting: LHB Qi-zhen Loong 0-0: Grounds into double play, 4-6-3 (Groundball, 34)
Top of the 3rd over - 2 run(s), 2 hit(s), 0 error(s), 1 left on base; Colorado Springs 4 - Gurdon 1
BOTTOM OF THE 3RD
Gurdon Pelicans batting - Pitching for Colorado Springs Velocity : RHP Jim Unknown
Batting: SHB Lionel Merlet 0-0: SINGLE (Groundball, 4MD)
Batting: SHB Carlos Kramer 0-0: Ball
1-0: Ball
2-0: Called Strike
2-1: Ball
3-1: SINGLE (Groundball, 4M)
Lionel Merlet to second
Batting: LHB Guillermo Martínez 0-0: Called Strike
0-1: Ball
1-1: Ball
2-1: 3-RUN HOME RUN (Flyball, 9D), Distance : 380 ft
Batting: RHB Bobby Buck 0-0: Called Strike
0-1: Ball
1-1: Foul Ball, location: 2F
1-2: Foul Ball, location: 2F
1-2: Ball
2-2: Ground out 1-3 (Groundball, 13)
Batting: RHB Riley Howard 0-0: Ball
1-0: Hit by Pitch
Batting: RHB Ludovico Trezza 0-0: Ball
1-0: Called Strike
1-1: Fly out, F8 (Flyball, 8RM)
Batting: RHB António Sánchez 0-0: SINGLE (Flyball, 9S)
Riley Howard to second
Runner from 2nd tries for 3rd, SAFE, throw made to third
Batting: RHB Martín Álvarez 0-0: Ball
1-0: Foul Ball, location: 2F
1-1: Ball
2-1: Swinging Strike
2-2: Ball
3-2: SINGLE (Groundball, 5D)
Riley Howard scores
António Sánchez to second
António Sánchez to third
Batting: RHB Alex Maxwell 0-0: Called Strike
0-1: Ball
1-1: Foul Ball, location: 2F
1-2: Fly out, F7 (Flyball, 7D)
Bottom of the 3rd over - 4 run(s), 5 hit(s), 0 error(s), 2 left on base; Colorado Springs 4 - Gurdon 5
TOP OF THE 4TH
Colorado Springs Velocity batting - Pitching for Gurdon Pelicans : LHP Carlos Méndez
Batting: RHB Clarros Ramada 0-0: Called Strike
0-1: Foul Ball, location: 2F
0-2: Foul Ball, location: 2F
0-2: Strikes out looking
Batting: RHB Pedro Pérez 0-0: Called Strike
0-1: Foul Ball, location: 2F
0-2: Ball
1-2: Strikes out swinging
Batting: RHB Domenic Gallard 0-0: Called Strike
0-1: Swinging Strike
0-2: Ball
1-2: Ball
2-2: Strikes out looking
Top of the 4th over - 0 run(s), 0 hit(s), 0 error(s), 0 left on base; Colorado Springs 4 - Gurdon 5
BOTTOM OF THE 4TH
Gurdon Pelicans batting - Pitching for Colorado Springs Velocity : RHP Jim Unknown
Batting: SHB Lionel Merlet 0-0: Ball
1-0: Called Strike
1-1: Ground out 4-3 (Groundball, 4)
Batting: SHB Carlos Kramer 0-0: Ball
1-0: Ball
2-0: Ball
3-0: Called Strike
3-1: Base on Balls
Batting: LHB Guillermo Martínez 0-0: Ball
1-0: Grounds into double play, 4-6-3 (Groundball, 4M)
Bottom of the 4th over - 0 run(s), 0 hit(s), 0 error(s), 0 left on base; Colorado Springs 4 - Gurdon 5
TOP OF THE 5TH
Colorado Springs Velocity batting - Pitching for Gurdon Pelicans : LHP Carlos Méndez
Batting: RHB Miguel Márquez 0-0: Called Strike
0-1: Foul Ball, location: 2F
0-2: Ball
1-2: Strikes out swinging
Batting: RHB Randy Tucker 0-0: SINGLE (Groundball, 4MD)
Batting: RHB Dan Hart 0-0: Called Strike
0-1: Foul Ball, location: 2F
0-2: Grounds into double play, 5-4-3 (Groundball, 5)
Top of the 5th over - 0 run(s), 1 hit(s), 0 error(s), 0 left on base; Colorado Springs 4 - Gurdon 5
BOTTOM OF THE 5TH
Gurdon Pelicans batting - Pitching for Colorado Springs Velocity : RHP Jim Unknown
Batting: RHB Bobby Buck 0-0: Ball
1-0: Called Strike
1-1: SINGLE (Line Drive, 89S)
Batting: RHB Riley Howard 0-0: Called Strike
Bobby Buck is caught stealing 2nd base
0-1: Ball
1-1: Foul Ball, location: 2F
1-2: Foul Ball, location: 2F
1-2: Strikes out looking
Batting: RHB Ludovico Trezza 0-0: Swinging Strike
0-1: Ball
1-1: Bunted foul
1-2: TRIPLE (Groundball, 3L)
Batting: RHB António Sánchez 0-0: SINGLE (Groundball, 56D)
Ludovico Trezza scores
Pitching: RHP John Willis
Batting: RHB Martín Álvarez 0-0: Ball
1-0: Fly out, F6 (Popup, 4M)
Bottom of the 5th over - 1 run(s), 3 hit(s), 0 error(s), 1 left on base; Colorado Springs 4 - Gurdon 6
TOP OF THE 6TH
Colorado Springs Velocity batting - Pitching for Gurdon Pelicans : LHP Carlos Méndez
Batting: RHB Gustavo Mateo 0-0: Swinging Strike
0-1: Foul Ball, location: 2F
0-2: Foul Ball, location: 2F
0-2: Strikes out swinging
Batting: RHB Jesús Martínez 0-0: Called Strike
0-1: Swinging Strike
0-2: Strikes out swinging
Batting: LHB Qi-zhen Loong 0-0: Ball
1-0: Foul Ball, location: 2F
1-1: SINGLE (Flyball, 56D)
Pitching: RHP Art Adams
Batting: RHB Clarros Ramada 0-0: Called Strike
0-1: Ball
1-1: Foul Ball, location: 2F
1-2: Strikes out looking
Top of the 6th over - 0 run(s), 1 hit(s), 0 error(s), 1 left on base; Colorado Springs 4 - Gurdon 6
BOTTOM OF THE 6TH
Gurdon Pelicans batting - Pitching for Colorado Springs Velocity : RHP John Willis
Batting: RHB Alex Maxwell 0-0: Called Strike
0-1: Ball
1-1: Bunt for hit - play at first, batter safe!
Batting: SHB Lionel Merlet 0-0: Ball
1-0: Sac Bunt - play at first, batter OUT! 2-3
Alex Maxwell to second
Batting: SHB Carlos Kramer 0-0: Ball
Alex Maxwell is caught stealing 3rd base
1-0: Ball
2-0: Ball
3-0: Called Strike
3-1: Called Strike
3-2: Foul Ball, location: 2F
3-2: Fly out, F8 (Flyball, 8LM)
Bottom of the 6th over - 0 run(s), 1 hit(s), 0 error(s), 0 left on base; Colorado Springs 4 - Gurdon 6
TOP OF THE 7TH
Colorado Springs Velocity batting - Pitching for Gurdon Pelicans : RHP Art Adams
Batting: RHB Pedro Pérez 0-0: Ball
1-0: Ball
2-0: Foul Ball, location: 2F
2-1: Ball
3-1: Swinging Strike
3-2: Strikes out looking
Batting: RHB Domenic Gallard 0-0: Called Strike
0-1: Ball
1-1: Called Strike
1-2: Ball
2-2: Strikes out swinging
Batting: RHB Miguel Márquez 0-0: Ball
1-0: Called Strike
1-1: Fly out, F4 (Popup, 4)
Top of the 7th over - 0 run(s), 0 hit(s), 0 error(s), 0 left on base; Colorado Springs 4 - Gurdon 6
BOTTOM OF THE 7TH
Gurdon Pelicans batting - Pitching for Colorado Springs Velocity : RHP John Willis
Batting: LHB Guillermo Martínez 0-0: Ball
1-0: Ball
2-0: Called Strike
2-1: Foul Ball, location: 2F
2-2: Strikes out looking
Batting: RHB Bobby Buck 0-0: Ball
1-0: SINGLE (Groundball, 6MD)
Batting: RHB Riley Howard 0-0: Swinging Strike
0-1: Hit by Pitch
Bobby Buck to second
Batting: RHB Ludovico Trezza 0-0: Ball
1-0: Ball
2-0: Swinging Strike
2-1: Swinging Strike
2-2: Foul Ball, location: 2F
2-2: Strikes out swinging
Pinch Hitting: RHB Micah Miller 0-0: Foul Ball, location: 2F
0-1: Swinging Strike
0-2: Ball
1-2: Ball
2-2: Ball
3-2: 3-RUN HOME RUN (Flyball, 7LD), Distance : 373 ft
Pitching: LHP Ricardo Roquette
Batting: RHB Martín Álvarez 0-0: Ball
1-0: Reached on error, E6 (Groundball, 56)
Batting: RHB Alex Maxwell 0-0: Ball
1-0: Foul Ball, location: 2F
1-1: Ball
2-1: Foul Ball, location: 2F
2-2: Foul Ball, location: 2F
2-2: Ball
3-2: SINGLE (Line Drive, 4D)
Martín Álvarez to third
Martín Álvarez scores
Batting: SHB Lionel Merlet 0-0: Ball
1-0: Ball
2-0: Swinging Strike
2-1: Foul Ball, location: 2F
2-2: Ball
Alex Maxwell steals 2nd base
3-2: Strikes out swinging
Bottom of the 7th over - 4 run(s), 3 hit(s), 1 error(s), 1 left on base; Colorado Springs 4 - Gurdon 10
TOP OF THE 8TH
Colorado Springs Velocity batting - Pitching for Gurdon Pelicans : RHP Art Adams
Now at 1B: Daniel Drake
Now in LF: Micah Miller
Batting: RHB Randy Tucker 0-0: Ball
1-0: Called Strike
1-1: Foul Ball, location: 2F
1-2: Fly out, F9 (Flyball, 89S)
Batting: RHB Dan Hart 0-0: Foul Ball, location: 2F
0-1: Foul Ball, location: 2F
0-2: Ball
1-2: Ball
2-2: Strikes out swinging
Batting: RHB Gustavo Mateo 0-0: Foul Ball, location: 2F
0-1: Ground out 5-3 (Groundball, 5)
Top of the 8th over - 0 run(s), 0 hit(s), 0 error(s), 0 left on base; Colorado Springs 4 - Gurdon 10
BOTTOM OF THE 8TH
Gurdon Pelicans batting - Pitching for Colorado Springs Velocity : LHP Ricardo Roquette
Batting: SHB Carlos Kramer 0-0: Called Strike
0-1: Ball
1-1: Ball
2-1: Foul Ball, location: 2F
2-2: SINGLE (Line Drive, 4M)
Batting: RHB Daniel Drake 0-0: Ball
1-0: Ball
2-0: Ball
3-0: Base on Balls
Carlos Kramer to second
Batting: RHB Bobby Buck 0-0: Ball
1-0: Foul Ball, location: 2F
1-1: Called Strike
1-2: Foul Ball, location: 2F
1-2: SINGLE (Popup, 5S)
Carlos Kramer to third
Daniel Drake to second
Runner from 3rd tries for Home, SAFE, no throw or cutoff
Batting: RHB Riley Howard 0-0: Called Strike
0-1: Foul Ball, location: 2F
0-2: Ball
1-2: Ball
2-2: Strikes out looking
Batting: RHB Ludovico Trezza 0-0: Ball
1-0: Ball
2-0: Ball
3-0: Called Strike
3-1: Fly out, F7 (Flyball, 7M)
Batting: RHB Micah Miller 0-0: Ball
1-0: Called Strike
1-1: Ball
2-1: SINGLE (Line Drive, 89S)
Daniel Drake to third
Bobby Buck to second
Batting: RHB Martín Álvarez 0-0: Fly out, F9 (Flyball, 9M)
Bottom of the 8th over - 1 run(s), 3 hit(s), 0 error(s), 3 left on base; Colorado Springs 4 - Gurdon 11
TOP OF THE 9TH
Colorado Springs Velocity batting - Pitching for Gurdon Pelicans : RHP Art Adams
Batting: RHB Jesús Martínez 0-0: Ball
1-0: Called Strike
1-1: Ball
2-1: Fly out, F6 (Popup, 6)
Batting: LHB Qi-zhen Loong 0-0: Foul Ball, location: 2F
0-1: Called Strike
0-2: Ball
1-2: Ball
2-2: DOUBLE (Groundball, 3D)
Batting: RHB Clarros Ramada 0-0: Foul Ball, location: 2F
0-1: Called Strike
0-2: Fly out, F8 (Line Drive, 8LM)
Batting: RHB Pedro Pérez 0-0: Called Strike
0-1: Ball
1-1: Foul Ball, location: 2F
1-2: Ball
2-2: Foul Ball, location: 2F
2-2: Ground out 4-3 (Groundball, 4)
Top of the 9th over - 0 run(s), 1 hit(s), 0 error(s), 1 left on base; Colorado Springs 4 - Gurdon 11
This league is powered by Out of the Park Baseball, the baseball management simulation game for PC, Mac and Linux
Saturday, July 25th, 2015 - OOTP Baseball 15.6 Build 34